 Dungeon Crawl Stone Soup version 0.30-a0-135-g630cfc4551 (webtiles) character file.

Game seed: 5495956086255621529

4378 Flugkiller the Fighter (level 10, -2/92 HPs)
             Began as a Formicid Hunter on Sept 20, 2022.
             Was a Follower of Uskayaw.
             Hit by a large rock thrown by a cyclops (32 damage)
             ... on level 8 of the Dungeon.
             The game lasted 00:16:44 (8141 turns).

Flugkiller the Fighter (Formicid Hunter)            Turns: 8141, Time: 00:16:45

Health: -2/92      AC: 12    Str: 22    XL:     10   Next: 60%
Magic:  14/14      EV: 14    Int: 12    God:    Uskayaw [*.....]
Gold:   567        SH:  6    Dex: 21    Spells: 12/15 levels left

rFire   . . .      SeeInvis +    A - +5 scimitar
rCold   . . .      Faith    .    o - +2 buckler
rNeg    . . .      Spirit   .    k - +4 ring mail "Ygey" {rPois Will++ Int+3}
rPois   +          Reflect  .    (helmet unavailable)
rElec   .          Harm     .    (no cloak)
rCorr   .          Rampage  .    e - +1 pair of gloves
Will    +++..                    p - +0 pair of boots
Stlth   +.........               (no amulet)
HPRegen 0.25/turn                i - +6 ring of strength
MPRegen 0.14/turn                (no ring)

@: no status effects
A: permanent stasis, dig shafts and tunnels, antennae 3, four strong arms
a: Dig, Shaft Self, Renounce Religion, Stomp


You were on level 8 of the Dungeon.
You worshipped Uskayaw.
Uskayaw was noncommittal.
You visited 2 branches of the dungeon, and saw 9 of its levels.

You collected 567 gold pieces.

Inventory:

Hand Weapons
 a - the +6 Majin-Bo {vamp, MP+6 Int+6}
   (You acquired it on level 6 of the Dungeon)

   It heals its wielder for a portion of the damage dealt when they wound a
   living foe with it or with a spell.
   Its wielder's spells cost health as well as magical power.
   Int:       It affects your intelligence (+6).
   MP:        It affects your magic capacity (+6).
 b - a +0 shortbow
 m - a +2 whip of flaming
   (You found it on level 1 of the Dungeon)
 A - a +5 scimitar (weapon)
   (You took it off a wight on level 7 of the Dungeon)
Missiles
 u - 6 curare-tipped darts
 v - 2 throwing nets
Armour
 c - a +0 leather armour
 e - a +1 pair of gloves (worn)
   (You found it on level 1 of the Dungeon)
 f - a +0 buckler
   (You found it on level 1 of the Dungeon)
 k - the +4 ring mail "Ygey" (worn) {rPois Will++ Int+3}
   (You found it on level 2 of the Dungeon)

   Int:       It affects your intelligence (+3).
   rPois:     It protects you from poison.
   Will:      It greatly increases your willpower.
 o - a +2 buckler (worn)
   (You took it off a gnoll sergeant on level 6 of the Dungeon)
 p - a +0 pair of boots (worn)
   (You found it on level 2 of the Dungeon)
Jewellery
 i - a +6 ring of strength (left hand)
   (You found it on level 2 of the Dungeon)
 y - a ring of ice
   (You found it on level 5 of the Dungeon)
Scrolls
 g - 3 scrolls of brand weapon
 j - a scroll of poison
 l - 2 scrolls of magic mapping
 r - 2 scrolls of immolation
 z - a scroll of amnesia
 B - a scroll of vulnerability
 E - a scroll of enchant armour
Potions
 d - a potion of magic {unknown}
 h - 2 potions of haste
 n - 3 potions of resistance
 q - 6 potions of curing
 s - a potion of flight {unknown}
 t - a potion of degeneration {unknown}
 w - 2 potions of heal wounds
 x - a potion of lignification
 C - 2 potions of brilliance {unknown}
 D - a potion of berserk rage {unknown}


   Skills:
 - Level 13.0 Fighting
 - Level 4.0 Ranged Weapons
 + Level 5.1 Dodging
 - Level 1.2 Stealth
 + Level 3.2 Spellcasting
 + Level 2.9 Conjurations
 * Level 5.8 Earth Magic


You had 12 spell levels left.
You knew the following spells:

 Your Spells              Type           Power      Damage    Failure   Level
a - Stone Arrow           Conj/Erth      24%        3d8       26%         3

Your spell library contained the following spells:

 Spells                   Type           Power      Damage    Failure   Level
 Sublimation of Blood     Necr           1%         N/A       61%         2
 Wereblood                Tmut           1%         N/A       61%         2
 Animate Armour           Summ/Erth      18%        N/A       83%         4
 Summon Lightning Spire   Summ/Air       1%         N/A       99%         4
 Storm Form               Tmut/Air       0%         N/A       100%        7
 Summon Hydra             Summ           0%         N/A       100%        7
 Lehudib's Crystal Spear  Conj/Erth      6%         10d3      100%        8
 Maxwell's Capacitive Co  Air            0%         ∞         100%        8


Dungeon Overview and Level Annotations

Branches:
Dungeon (8/15) Zot: 26979  Temple (1/1) D:7 Zot: 5633
   Lair: D:8-11

Altars:
Ashenzari
Dithmenos
Elyvilon
Fedhas
Gozag
Hepliaklqana
Makhleb
Nemelex Xobeh
Okawaru
Qazlal
Ru
Sif Muna
Trog
Uskayaw
Vehumet
Wu Jian
Xom
Yredelemnul
Zin
The Shining One

Shops:
D:2 [   D:7 [:*


Innate Abilities, Weirdness & Mutations

You cannot be hasted, slowed, berserked, paralysed or teleported.
You can dig through walls and to a lower floor.
You have a pair of large antennae on your head. (SInv)
Your four strong arms can wield two-handed weapons with a shield.


Message History

The water moccasin poisons you!
You miss the water moccasin.
The water moccasin is moderately wounded.
You feel very sick. You block the water moccasin's attack.
The water moccasin bites you.
You slice the water moccasin!!
The water moccasin is almost dead.
You feel very sick.
You block the water moccasin's attack. x2
You can now pass through a line of other dancers.
You barely miss the water moccasin.
The water moccasin is almost dead.
You feel sick. The water moccasin bites you!
The water moccasin bites you but does no damage.
You miss the water moccasin.
The water moccasin is almost dead.
You feel sick. The water moccasin bites you.
The water moccasin closely misses you.
You slash the water moccasin!
You kill the water moccasin!
You feel sick.
No target in view!
No target in view!
No target in view!
No target in view!
You feel sick.
You feel sick.
You feel sick.
You are no longer poisoned.
A wyvern comes into view.
A wyvern is nearby!
A wyvern is nearby!
Found an escape hatch in the ceiling.
The wyvern hisses angrily.
You hit the wyvern.
The wyvern is lightly wounded.
The wyvern closely misses you. x2
You slash the wyvern!
The wyvern is heavily wounded.
The wyvern bites you. The wyvern closely misses you.
You slash the wyvern!
The wyvern is almost dead.
The wyvern bites you! The wyvern bites you.
You can now pass through a line of other dancers.
You are too injured to fight recklessly!
You are too injured to fight recklessly!
You are too injured to fight recklessly!
You barely miss the wyvern.
The wyvern is almost dead.
The wyvern misses you. The wyvern bites you! The wyvern bites you.
You hit the wyvern.
You kill the wyvern!
You start resting.
HP restored.
There is an escape hatch in the ceiling here.
Done exploring.
Done exploring.
Done exploring.
Done exploring.
Unknown command.
As you read the scroll labelled LAIKOPSAJESK, it crumbles to dust.
Magic quickly surges around you.
It was a scroll of vulnerability.
Unknown command.
You start waiting.
You feel your willpower return.
(D) Dungeon (T) Temple
Where to? (Enter - Temple @ (x,y), ? - help)
You open the door.
There is an open door here.
There is a stone staircase leading down here.
You climb downwards.
You sense a monster nearby.
Found a scroll of enchant armour.
There is a stone staircase leading up here.
A howler monkey is nearby!
You see here a scroll of enchant armour.
The helpless howler monkey fails to defend itself.
You slash the howler monkey!
The howler monkey is almost dead.
The howler monkey misses you. You block the howler monkey's attack.
You slash the howler monkey!
You kill the howler monkey!
No target in view!
E - a scroll of enchant armour
Okay, then.
Unknown command.
A shadow imp comes into view.
The helpless shadow imp fails to defend itself.
You hit the shadow imp.
The shadow imp is heavily wounded.
The shadow imp barely misses you.
You slice the shadow imp!!
You kill the shadow imp!
No target in view!
A cyclops comes into view.
The cyclops shouts!
The cyclops throws a large rock.
The large rock hits you!!!
The cyclops throws a large rock.
The large rock hits you!!
The cyclops throws a large rock.
The large rock hits you!!
You die...

.# #.. ##.# ..# #..
#C#.#{ ...# #.###.
#.#
....##....###.##
.........##...## .#
.........#.....#..#
#......#.....#
#..#####.#####
#.@#####.#
#........#
...######.# #.###
#.# # #<# ........#
.########


You could see a cyclops.

Vanquished Creatures
  Joseph (D:7)
  Maggie (D:6)
  Sigmund (D:2)
  A wyvern (D:7)
  A steam dragon (D:6)
  Menkaure (D:6)
  2 water moccasins (D:7)
  4 black bears
  2 ice beasts (D:7)
  A centaur (D:6)
  5 ogres
  A kobold brigand (D:7)
  A phantom (D:2)
  A necrophage (D:7)
  3 bullfrogs
  3 scorpions
  2 gnoll sergeants (D:6)
  5 wights (D:7)
  2 howler monkeys
  3 gnoll boudas
  2 hounds
  3 orc priests (D:6)
  Jessica (D:3)
  2 iguanas
  3 orc wizards
  Robin (D:2)
  27 gnolls
  14 adders
  A shadow imp (D:8)
  2 white imps (D:7)
  An ufetubus (D:6)
  3 dart slugs
  15 orcs
  8 ball pythons
  6 endoplasms
  7 giant cockroaches
  11 goblins
  10 hobgoblins
  8 jackals (D:5)
  11 kobolds
  A quokka (D:3)
  5 bats
  4 frilled lizards
  7 rats
194 creatures vanquished.

Notes
Turn   | Place    | Note
-------+----------+-------------------------------------------
     0 | D:1      | Flugkiller the Formicid Hunter began the quest for the Orb.
     0 | D:1      | Reached XP level 1. HP: 16/16 MP: 1/1
    90 | D:1      | Reached XP level 2. HP: 23/23 MP: 2/2
   189 | D:1      | Reached skill level 3 in Fighting
   373 | D:1      | Reached XP level 3. HP: 29/29 MP: 3/3
   492 | D:2      | Identified the +4 ring mail "Ygey" {rPois Will++ Int+3}
   534 | D:2      | Found Saveej's Armour Shop.
   569 | D:2      | Reached skill level 4 in Fighting
   682 | D:2      | Reached XP level 4. HP: 38/38 MP: 4/4
   737 | D:2      | Noticed Robin
   752 | D:2      | Killed Robin
   821 | D:2      | Noticed Sigmund
   855 | D:2      | Noticed a phantom
   872 | D:2      | Killed a phantom
   873 | D:2      | Reached skill level 5 in Fighting
   873 | D:2      | Reached XP level 5. HP: 44/46 MP: 5/5
   912 | D:2      | Reached skill level 6 in Fighting
  1033 | D:2      | Killed Sigmund
  1034 | D:2      | Reached skill level 7 in Fighting
  1034 | D:2      | Reached XP level 6. HP: 52/55 MP: 6/6
  1413 | D:3      | Reached XP level 7. HP: 60/60 MP: 7/7
  1521 | D:3      | Reached skill level 8 in Fighting
  1908 | D:3      | Noticed Jessica
  1916 | D:3      | Killed Jessica
  1922 | D:3      | Found a faded altar of an unknown god.
  2175 | D:4      | Reached skill level 9 in Fighting
  2188 | D:4      | Reached XP level 8. HP: 69/71 MP: 8/8
  2427 | D:3      | Reached skill level 10 in Fighting
  3232 | D:5      | Entered Level 5 of the Dungeon
  3767 | D:5      | Reached skill level 11 in Fighting
  4469 | D:6      | Reached XP level 9. HP: 63/81 MP: 9/9
  4695 | D:6      | Reached skill level 12 in Fighting
  4942 | D:6      | Noticed Menkaure
  4955 | D:6      | Killed Menkaure
  4956 | D:6      | Reached skill level 13 in Fighting
  5159 | D:6      | Identified a scroll of acquirement
  5918 | D:6      | Acquired the +6 Majin-Bo {vamp, MP+6 Int+6}
  5918 | D:6      | Found the +6 Majin-Bo {vamp, MP+6 Int+6}
  5925 | D:6      | Learned a level 3 spell: Stone Arrow
  6018 | D:7      | Noticed Maggie
  6041 | D:6      | Killed Maggie
  6042 | D:6      | Reached skill level 1 in Spellcasting
  6042 | D:6      | Reached skill level 1 in Conjurations
  6162 | D:7      | Reached XP level 10. HP: 89/92 MP: 11/11
  6166 | D:7      | Found Yjuveuq's Assorted Antiques.
  6234 | D:7      | Found Xenuf's Book Shoppe.
  6791 | D:7      | Noticed Joseph
  6820 | D:7      | Killed Joseph
  6832 | D:7      | Reached skill level 5 in Earth Magic
  7042 | D:7      | Found a staircase to the Ecumenical Temple.
  7049 | Temple   | Entered the Ecumenical Temple
  7226 | Temple   | Became a worshipper of Uskayaw the Reveller
  7447 | D:7      | Reached * piety under Uskayaw
  7449 | D:7      | Reached ** piety under Uskayaw
  7482 | D:7      | Reached *** piety under Uskayaw
  7529 | D:7      | Found Xakizum's Antique Armour Emporium.
  7557 | D:7      | Reached skill level 5 in Dodging
  8139 | D:8      | Noticed a cyclops
  8141 | D:8      | Hit by a large rock thrown by a cyclops

Illustrated notes

Levels and vault maps discovered:
D:1:      lemuel_arrival_muddy, layout_rooms, st_stairs_1
D:2:      layout_basic, serial_aquarium, aquarium_bridge_long_separate
          [aquarium_subvault_wall, aquarium_subvault_bridge,
          aquarium_subvault_bridge, aquarium_subvault_bridge,
          aquarium_subvault_window, aquarium_subvault_wall],
          aquarium_bridge_square [aquarium_subvault_bridge,
          aquarium_subvault_bridge, aquarium_subvault_balcony,
          aquarium_subvault_balcony], aquarium_window_fake,
          aquarium_window_double, aquarium_window_1, aquarium_window_2,
          aquarium_view_2e, aquarium_balcony_5a, aquarium_pool_side,
          serial_shops, shop, uniq_sigmund, uniq_robin
D:3:      layout_basic, hellmonk_ecumenical_altar_leap_of_faith,
          grunt_ministairs_13, hangedman_decor_riveting, uniq_jessica
D:4:      layout_cave_pools, kennysheep_pointless_box, kennysheep_generic_room_6
D:5:      layout_loops_ring
D:6:      layout_basic, hangedman_decor_slide_cut, uniq_menkaure
D:7:      layout_basic, minmay_temple_entry_trees, serial_shops, shop,
          nicolae_shop_advertising_works [nicolae_subvault_shop_adworks],
          nicolae_lakefront_shop, uniq_joseph, uniq_maggie
D:8:      layout_loops_ring, lemuel_doored_altar, serial_shops, shop_statue,
          kb_rosetta
Temple:   mainiacjoe_temple_cubbyholes

Skill      XL: |  1  2  3  4  5  6  7  8  9 10 |
---------------+-------------------------------+-----
Fighting       | 3 4 5 7 9 11 13 | 13.0
Dodging        | 4 5 |  5.1
Spellcasting   | 1 3 |  3.2
Conjurations   | 1 2 |  2.9
Earth Magic    | 2 5 |  5.8
Ranged Weapons | |  4.0
Stealth        | |  1.2

Action                   |  1- 3 |  4- 6 |  7- 9 | 10-12 || total
-------------------------+-------+-------+-------+-------++-------
Melee: Quarterstaff      |       |       |     4 |       ||     4
       Scimitar          |       |       |       |   102 ||   102
 Fire: Shortbow          |    59 |    90 |   462 |    31 ||   642
 Abil: Dig               |       |     2 |       |       ||     2
  Use: Scroll            |       |     6 |     9 |     1 ||    16
       Potion            |       |       |     4 |     1 ||     5
 Stab: Paralysed         |       |       |       |     2 ||     2
       Sleeping          |       |       |       |     2 ||     2
Armor: Leather armour    |     9 |    10 |       |       ||    19
       Ring mail         |       |    27 |   148 |    28 ||   203
       Skin              |       |       |    32 |    11 ||    43
Dodge: Dodged            |    10 |    47 |   176 |    93 ||   326
Block: Buckler           |       |       |       |    34 ||    34

Table legend: (Time is in decaauts)
 A = Elapsed time spent in this place.
 B = Non-inter-level travel time spent in this place.
 C = Inter-level travel time spent in this place.
 D = Time resting spent in this place.
 E = Time spent auto-exploring this place.
 F = Levels seen in this place.
 G = Mean time per level.
                   A        B        C        D        E       F      G
               +--------+--------+--------+--------+--------+-----+--------+
         Total |   8420 |   8114 |    306 |   2029 |   4237 |   9 |  935.6 |
       Dungeon |   8053 |   7799 |    254 |   2029 |   3939 |   8 | 1006.6 |
        Temple |    366 |    314 |     52 |      0 |    298 |   1 |  366.0 |
               +--------+--------+--------+--------+--------+-----+--------+

Top non-repeatable levels by time:
     D:6: 2027 daAuts
     D:7: 1667 daAuts
     D:3: 1138 daAuts
     D:5: 985 daAuts
     D:2: 897 daAuts
     D:4: 812 daAuts
     D:1: 504 daAuts
  Temple: 366 daAuts
     D:8: 19 daAuts
